 Dungeon Crawl Stone Soup version 0.30.0-12-gd5a94ecb5d (webtiles) character file.

Game seed: 17585445059959058967

19 LonelyCrow the Shooter (level 2, -3/22 HPs)
             Began as a Human Hunter on May 17, 2023.
             Engulfed by a cloud of flame (5 damage)
             ... on level 1 of the Dungeon.
             The game lasted 00:12:10 (690 turns).

LonelyCrow the Shooter (Human Hunter)                Turns: 690, Time: 00:12:11

Health: -3/22      AC:  4    Str: 10 (11) XL:     2   Next: 95%
Magic:  2/2        EV: 11    Int:  7 (9)  God:
Gold:   75         SH:  0    Dex: 13 (16) Spells: 1/1 levels left

rFire   + . .        a - +0 shortbow
rCold   + . .        (shield currently unavailable)
rNeg    . . .        c - +0 leather armour
rPois   +            (no helmet)
rElec   +            (no cloak)
rCorr   +            m - +0 pair of gloves
SInv    .            (no boots)
Will    .....        (no amulet)
Stlth   +            (no ring)
HPRegen 0.23/turn    (no ring)
MPRegen 0.08/turn

%: no passive effects
@: resistant, hasted, very quick
A: no striking features
a: no special abilities


You were on level 1 of the Dungeon.
You visited 1 branch of the dungeon, and saw 1 of its levels.

You collected 75 gold pieces.

Inventory:

Hand Weapons
 a - a +0 shortbow (weapon)
 j - a +1 dagger of draining
 p - a +2 antimagic dagger
Armour
 c - a +0 leather armour (worn)
 m - a +0 pair of gloves (worn)
Jewellery
 q - a ring of ice
Scrolls
 b - a scroll of immolation
 e - 2 scrolls of magic mapping
 f - a scroll of noise {unknown}
 k - a scroll of vulnerability {unknown}
 n - a scroll of identify {unknown}


   Skills:
 + Level 2.1 Fighting
 + Level 4.6 Ranged Weapons
 + Level 0.2 Armour
 + Level 2.0 Dodging
 + Level 1.1 Stealth


You had one spell level left.
You didn't know any spells.
Your spell library was empty.

Dungeon Overview and Level Annotations

Branches:
Dungeon (1/15)

Altars:


Message History

It was a potion of heal wounds.
You feel much better.
It was a potion of degeneration.
There was something very wrong with that liquid.
You feel weakened.
You feel dopey.
You feel clumsy.
It was a potion of resistance.
You feel protected.
Really walk into a travel-excluded area?
Really walk into that cloud of flame?
You are engulfed in blazing flames.
You resist.
You are engulfed in blazing flames.
You resist.
You are engulfed in blazing flames.
You resist.
* * * LOW HITPOINT WARNING * * *
You now have 57 gold pieces (gained 11).
You now have 68 gold pieces (gained 11).
You now have 75 gold pieces (gained 7).
It was a potion of haste.
You feel yourself speed up.
Really walk into a travel-excluded area?
Really walk into that cloud of flame? [Y]es or [N]o only, please.
Really walk into that cloud of flame? [Y]es or [N]o only, please.
Really walk into that cloud of flame? [Y]es or [N]o only, please.
Really walk into that cloud of flame? [Y]es or [N]o only, please.
Really walk into that cloud of flame? [Y]es or [N]o only, please.
Really walk into that cloud of flame? [Y]es or [N]o only, please.
Really walk into that cloud of flame? [Y]es or [N]o only, please.
Really walk into that cloud of flame? [Y]es or [N]o only, please.
Really walk into that cloud of flame?
Okay, then.
Your hearing returns.
You are engulfed in blazing flames.
You resist.
* * * LOW HITPOINT WARNING * * *
You are engulfed in blazing flames.
You resist.
You die...

..,,,,,,,*** #°○§# #.#
##******,* #§○§# #.#
*,*######...#####.#
*,##.°§§.....§☼°..#
*,...○○☼.....§○...#
########**#.☼○§.....§°☼.##
.......# ######...######
######.# #°§○# #.# #@○§#
######.## #§☼§# #>..'...#
#...######
##.##...########.....##.#
#.#.................##.#
#.#....########.....##.#
#<#....# ###...###>##
####.####
#......#...########
#.##.##
#.###....#.........


There were no monsters in sight!

Vanquished Creatures
  A dart slug (D:1)
  An endoplasm (D:1)
  A giant cockroach (D:1)
  2 goblins (D:1)
  A hobgoblin (D:1)
  A quokka (D:1)
  3 ball pythons (D:1)
  A bat (D:1)
  A frilled lizard (D:1)
  2 kobolds (D:1)
  3 rats (D:1)
17 creatures vanquished.

Notes
Turn   | Place    | Note
-------+----------+-------------------------------------------
     0 | D:1      | LonelyCrow the Human Hunter began the quest for the Orb.
     0 | D:1      | Reached XP level 1. HP: 16/16 MP: 1/1
    90 | D:1      | Reached XP level 2. HP: 11/22 MP: 2/2
   664 | D:1      | HP: 1/22 [something (8)]
   690 | D:1      | Engulfed by a cloud of flame

Illustrated notes

Levels and vault maps discovered:
D:1:      amcnicky_arrival_choice, layout_loops_ring, lemuel_flame_loot_1

Action                     || total
---------------------------++-------
   Fire: Shortbow          ||    41
    Use: Potion            ||     5
         Scroll            ||     2
 Armour: Leather armour    ||     2
  Dodge: Dodged            ||    12
